Map: Rhoskallian LE

Players

qqq - Winner!

  • Race: Zerg Zerg
  • League: Platinum
  • Spawn Location: 5:00

Massa - Winner!

  • Race: Terran Terran
  • League: Platinum
  • Spawn Location: 6:00

DeathsSong

  • Race: Protoss Protoss
  • League: Diamond
  • Spawn Location: 11:00

NAPS

  • Race: Protoss Protoss
  • League: Diamond
  • Spawn Location: 12:00

VOD

Have the link to the VOD?

Description

Time

  • Played on: Jan. 2, 2021, 3:33 p.m.
  • Length: 5:50
Show
View Real Time Build Order
Export as new Build Order

qqq Zerg - Winner!

Build Orders: Hatch First 

Get SALT Encoding   

  12  0:00  Drone  
  13  0:11  Drone  
  14  0:20  Overlord  
  14  0:46  Hatchery  
  13  0:52  Drone  
  13  0:54  Drone  
  15  1:05  Drone x2  
  17  1:25  Spawning Pool  
  16  1:29  Extractor  
  16  1:36  Drone x3  
  19  1:40  Extractor  
  18  1:52  Drone  
  19  2:07  Drone  
  20  2:08  Drone  
  20  2:12  Queen  
  20  2:13  Queen  
  20  2:14  Drone  
  26  2:16  Zergling x2  
  27  2:31  Zergling x2  
  27  2:33  Overlord x2  
  28  2:42  Metabolic Boost  
  28  2:50  Zergling x2  
  28  2:51  Zergling x2  
  28  2:53  Drone  
  28  2:54  Drone  
  31  3:01  Zergling x2  
  31  3:03  Drone  
  31  3:04  Zergling x2  
  34  3:13  Zergling x2  
  34  3:16  Zergling x2  
  36  3:25  Lair  
  35  3:29  Zergling x2  
  35  3:30  Zergling x6  
  35  3:32  Zergling x6  
  42  3:43  Drone  
  42  3:45  Extractor  
  42  3:46  Spore Crawler  
  42  3:48  Spore Crawler  
  40  3:52  Drone x2  
  40  3:53  Zergling x2  
  43  4:08  Overlord x2  
  40  4:40  Zergling x6  
  40  4:41  Drone  
  40  4:42  Drone x3  
  47  4:47  Spire  
  47  4:51  Zergling x4  
  47  4:52  Zergling x2  
  49  4:53  Zergling x4  
  47  5:15  Zergling x4  
  47  5:16  Zergling x6  
  51  5:38  Hatchery  
Show
View Real Time Build Order
Export as new Build Order

Massa Terran - Winner!

Build Orders:  

Get SALT Encoding   

  12  0:01  SCV  
  13  0:13  SCV  
  14  0:19  Supply Depot  
  14  0:25  SCV  
  15  0:37  Refinery  
  15  0:41  SCV  
  16  0:45  Barracks  
  16  0:53  SCV  
  17  1:05  SCV  
  18  1:17  SCV  
  19  1:29  SCV  
  20  1:39  Reaper  
  21  1:41  SCV  
  21  1:45  Command Center  
  22  1:54  Orbital Command  
  22  2:12  Supply Depot  
  22  2:18  Factory  
  22  2:20  SCV  
  23  2:30  Barracks Tech Lab  
  23  2:33  SCV  
  24  2:37  Supply Depot  
  24  2:44  Refinery  
  24  2:45  SCV  
  25  2:52  Marine  
  25  2:57  Orbital Command  
  26  3:01  SCV  
  26  3:03  Factory Tech Lab  
  27  3:13  SCV  
  28  3:32  SCV x2  
  30  3:44  SCV x2  
  30  3:48  Marauder  
  33  3:49  Stimpack  
  33  3:50  Siege Tank  
  33  3:54  Barracks  
  36  3:56  SCV x2  
  36  3:59  Refinery  
  38  4:06  Engineering Bay  
  38  4:08  SCV x2  
  40  4:14  Supply Depot  
  40  4:20  SCV x2, Marine  
  40  4:23  Cyclone  
  46  4:32  SCV x2  
  46  4:36  Barracks  
  46  4:37  Supply Depot  
  46  4:38  Marine  
  48  4:40  Barracks Reactor  
  49  4:47  Command Center  
  49  4:50  SCV x2  
  51  4:56  Marine  
  52  5:01  Widow Mine, Supply Depot  
  54  5:09  Barracks  
  54  5:14  Marine  
  55  5:17  Marine x2  
  57  5:22  Widow Mine  
  57  5:24  Supply Depot  
  59  5:31  Marine  
Show
View Real Time Build Order
Export as new Build Order

DeathsSong Protoss 

Build Orders: Blink Stalkers 

Get SALT Encoding   

  12  0:00  Probe  
  13  0:12  Probe  
  14  0:18  Pylon  
  14  0:24  Probe  
  15  0:36  Probe  
  15  0:40  Gateway  
  16  0:49  Probe (Chrono Boost)  
  17  0:52  Assimilator  
  17  0:58  Probe (Chrono Boost)  
  17  1:03  Probe (Chrono Boost)  
  19  1:15  Probe  
  20  1:27  Probe  
  21  1:36  Cybernetics Core  
  21  1:39  Probe  
  22  1:47  Nexus  
  22  1:54  Pylon  
  22  1:59  Probe  
  23  2:09  Assimilator  
  23  2:12  Probe, Stalker (Chrono Boost)  
  25  2:24  Probe (Chrono Boost)  
  25  2:25  Warp Gate  
  26  2:35  Stalker  
  26  2:36  Probe (Chrono Boost)  
  29  2:45  Probe (Chrono Boost)  
  29  2:49  Shield Battery  
  30  2:52  Probe  
  31  3:02  Probe (Chrono Boost), Twilight Council  
  32  3:12  Probe (Chrono Boost)  
  33  3:15  Probe (Chrono Boost)  
  33  3:18  Probe (Chrono Boost)  
  35  3:27  Probe  
  35  3:30  Probe  
  35  3:32  Pylon  
  37  3:34  Blink (Chrono Boost)  
  37  3:39  Probe  
  38  3:42  Probe  
  39  3:51  Probe, Robotics Facility  
  39  3:54  Probe  
  41  4:01  Assimilator  
  41  4:03  Probe  
  41  4:06  Probe, Gateway  
  41  4:08  Gateway  
  43  4:15  Probe  
  43  4:16  Stalker  
  46  4:18  Probe  
  46  4:23  Gateway  
  47  4:27  Pylon  
  43  4:39  Adept  
  45  4:48  Immortal  
  45  4:50  Assimilator  
  49  5:00  Sentry  
  49  5:04  Adept x2  
  51  5:20  Adept  
  49  5:24  Gateway x2  
  49  5:25  Adept  
  49  5:26  Gateway, Adept  
  53  5:28  Adept  
Show
View Real Time Build Order
Export as new Build Order

NAPS Protoss 

Build Orders: Phoenix Opening 

Get SALT Encoding   

  12  0:00  Probe  
  13  0:12  Probe  
  14  0:19  Pylon  
  14  0:24  Probe  
  15  0:37  Probe  
  15  0:42  Gateway  
  16  0:48  Gateway  
  16  0:50  Probe (Chrono Boost)  
  16  0:53  Assimilator  
  17  1:02  Probe (Chrono Boost)  
  18  1:05  Pylon  
  18  1:09  Probe (Chrono Boost)  
  19  1:17  Probe  
  20  1:28  Assimilator  
  20  1:29  Probe  
  21  1:36  Cybernetics Core  
  21  1:41  Probe  
  22  2:04  Nexus  
  22  2:09  Probe  
  23  2:17  Stargate  
  23  2:21  Probe  
  24  2:30  Adept  
  24  2:33  Probe  
  27  2:37  Pylon  
  27  2:51  Pylon  
  27  3:00  Phoenix (Chrono Boost)  
  29  3:06  Probe  
  29  3:09  Stargate  
  30  3:30  Phoenix (Chrono Boost)  
  32  3:40  Probe  
  33  3:44  Probe  
  33  3:47  Assimilator  
  34  3:51  Assimilator  
  34  3:52  Probe  
  34  3:53  Phoenix  
  37  3:56  Probe  
  37  4:02  Phoenix  
  40  4:06  Probe  
  41  4:10  Probe (Chrono Boost)  
  42  4:22  Probe (Chrono Boost)  
  42  4:23  Probe (Chrono Boost)  
  44  4:24  Phoenix  
  44  4:29  Probe (Chrono Boost)  
  37  4:39  Stalker (Chrono Boost)  
  32  4:56  Probe  
  35  5:18  Pylon x2  
Tags
 
Add a new tag
Caveats
  • Supply blocks, unpowered buildings, or Contaminate may cause inaccurate times.
  • Supply counts are checked every 10 seconds.